 Dungeon Crawl Stone Soup version 0.29.1-13-g9f3cf754e1 (webtiles) character file.

Game seed: 7663873318217818705

46 retardedninja the Trooper (level 3, 0/33 HPs)
             Began as a Hill Orc Fighter on Jan 20, 2023.
             Slain by a worm (6 damage)
             ... on level 1 of the Dungeon.
             The game lasted 00:00:58 (547 turns).

retardedninja the Trooper (Hill Orc Fighter)         Turns: 547, Time: 00:00:58

Health: 0/33       AC:  7    Str: 20    XL:     3   Next: 66%
Magic:  3/3        EV:  9    Int:  8    God:
Gold:   20         SH:  4    Dex: 10    Spells: 2/2 levels left

rFire   . . .      SeeInvis .   a - +0 war axe
rCold   . . .      Faith    .   c - +0 buckler
rNeg    . . .      Spirit   .   b - +0 scale mail
rPois   .          Reflect  .   (no helmet)
rElec   .          Harm     .   (no cloak)
rCorr   .          Rampage  .   (no gloves)
Will    .....                   (no boots)
Stlth   ..........              (no amulet)
HPRegen 0.11/turn               (no ring)
MPRegen 0.08/turn               (no ring)

@: no status effects
A: no striking features
a: no special abilities


You were on level 1 of the Dungeon.
You visited 1 branch of the dungeon, and saw 1 of its levels.

You collected 20 gold pieces.

Inventory:

Hand Weapons
 a - a +0 war axe (weapon)
Missiles
 h - a throwing net (quivered)
Armour
 b - a +0 scale mail (worn)
 c - a +0 buckler (worn)
Jewellery
 g - a ring of protection from fire
Scrolls
 i - a scroll of blinking {unknown}
 j - a scroll of amnesia {unknown}
Potions
 d - a potion of might
 e - a potion of cancellation {unknown}
 f - a potion of flight {unknown}


   Skills:
 + Level 4.1 Fighting
 + Level 3.5 Axes
 + Level 3.7 Armour
 + Level 3.7 Shields


You had 2 spell levels left.
You didn't know any spells.
Your spell library was empty.

Dungeon Overview and Level Annotations

Branches:
Dungeon (1/15)

Altars:


Message History

The endoplasm freezes you.
You are frozen.
The endoplasm freezes you.
You are frozen.
You barely miss the endoplasm.
The endoplasm is lightly wounded.
The endoplasm barely misses you.
You slash the endoplasm!
You kill the endoplasm!
The endoplasm freezes you.
You are frozen.
You slash the endoplasm!
You kill the endoplasm!
You hit the rat.
The rat is heavily wounded.
You block the rat's attack.
You hit the rat.
You kill the rat!
You block the worm's attack.
There is an open translucent door here.
Items here: ††††.
You slash the worm!
The worm is heavily wounded.
The worm bites you.
You hit the worm.
The worm is heavily wounded.
The worm misses you.
You hit the worm.
The worm is severely wounded.
The worm bites you.
* * * LOW HITPOINT WARNING * * *
You hit the worm.
The worm is severely wounded.
You barely miss the worm.
The worm is severely wounded.
You block the worm's attack.
You hit the worm.
The worm is almost dead.
The worm bites you.
You die...

#.##.# #.# ####.#
#.##.#####.#############..
#.................##.....#
##.###+#######'###.##.###.#
#.†#..⌠...>...⌠..#.#..# #.#
######..#......<......#.#.## #.#
##.......+⌠....###....⌠'.#.## #.#
#........#.............#.)..# #..
.........#######@#######(...# ##.
.........#......w......#....# #.
.........#.............#)...####.
...).....#.............#..#...##.
.........###############..###.##.
#...........................#.##.
...............#####......#.#.##.
.........#####............#......
..........# #..####......#####>.


You could see a worm.

Vanquished Creatures
  A dart slug (D:1)
  5 endoplasms (D:1)
  6 giant cockroaches (D:1)
  A goblin (D:1)
  A hobgoblin (D:1)
  10 jackals (D:1)
  A quokka (D:1)
  A ball python (D:1)
  3 bats (D:1)
  4 kobolds (D:1)
  4 rats (D:1)
37 creatures vanquished.

Notes
Turn   | Place    | Note
-------+----------+-------------------------------------------
     0 | D:1      | retardedninja the Hill Orc Fighter began the quest for the
                  | Orb.
     0 | D:1      | Reached XP level 1. HP: 19/19 MP: 1/1
     1 | D:1      | Found a runed translucent door.
    49 | D:1      | Reached XP level 2. HP: 27/27 MP: 2/2
   122 | D:1      | Found a faded altar of an unknown god.
   245 | D:1      | Reached skill level 4 in Fighting
   266 | D:1      | Reached XP level 3. HP: 33/33 MP: 3/3
   547 | D:1      | Slain by a worm

Illustrated notes

Levels and vault maps discovered:
D:1:      dpeg_arrival_caged_fury, layout_rooms,
          dreamdust_ecumenical_altar_grove

Skill      XL: |  1  2 |
---------------+-------+-----
Axes           | 3 |  3.5
Fighting       | 4 |  4.1
Armour         | |  3.7
Shields        | |  3.7

Action                   || total
-------------------------++-------
Melee: War axe           ||    79
Armor: Scale mail        ||    43
Dodge: Dodged            ||    58
Block: Buckler           ||    23
